 Dungeon Crawl Stone Soup version 0.16.2-12-gd0ad4c3 (webtiles) character file.

138 Kloppie the Skirmisher (level 5, -3/44 HPs)
             Began as a Formicid Fighter on Oct 31, 2015.
             Slain by Kloppie's ghost (7 damage)
             ... on level 4 of the Dungeon.
             The game lasted 00:05:33 (2082 turns).

Kloppie the Skirmisher (Formicid Fighter)           Turns: 2082, Time: 00:05:33

Health: -3/44      AC:  8    Str: 22    XL:     5   Next: 45%
Magic:  7/7        EV:  5    Int:  7    God:
Gold:   220        SH:  9    Dex: 10    Spells: 0 memorised, 4 levels left

rFire  . . .     SeeInvis +     a - +4 hand axe (drain)
rCold  . . .     Clarity  .     j - +0 chain mail
rNeg   . . .     SustAb   .     c - +0 shield
rPois  .         Gourm    .     (helmet unavailable)
rElec  .         Spirit   .     (no cloak)
rCorr  .         Warding  .     (no gloves)
rMut   .         Stasis   +     (no boots)
MR     .....                    (no amulet)
Stlth  ..........               (no ring)
                                (no ring)

@: drained, not resistant to hostile enchantments, extremely unstealthy
A: permanent stasis, dig shafts and tunnels, four strong arms, antennae 3
a: Dig, Shaft Self


You were on level 4 of the Dungeon.
You were not hungry.

You visited 1 branch of the dungeon, and saw 4 of its levels.

You collected 220 gold pieces.

Inventory:

Hand weapons
 a - a +4 hand axe of draining (weapon)
 b - a +0 blowgun
 o - a +0 war axe
Missiles
 v - 12 poisoned needles
Armour
 c - a +0 shield (worn)
 j - a +0 chain mail (worn)
Jewellery
 h - an uncursed ring of stealth {unknown}
 p - an uncursed ring of protection from magic {unknown}
 x - a cursed ring of loudness {unknown}
Scrolls
 g - a scroll of recharging {unknown}
 i - 5 scrolls of remove curse {unknown}
 k - 5 scrolls of identify {unknown}
 l - a scroll of fog {unknown}
 m - 4 scrolls of teleportation {unknown}
 q - a scroll of fear {unknown}
 s - a scroll of immolation {unknown}
 u - a scroll of amnesia {unknown}
 y - a scroll of enchant armour {unknown}
 A - 2 scrolls of noise {unknown}
Potions
 e - a potion of might
 f - 3 potions of curing {unknown}
 n - a potion of flight {unknown}
 r - a potion of poison {unknown}
 t - a potion of haste {unknown}
 w - a potion of cancellation {unknown}
Comestibles
 d - 2 bread rations
 z - a meat ration


   Skills:
 + Level 5.1(4.4) Fighting
 + Level 3.8(3.1) Axes
 - Level 3.2(2.6) Armour
 - Level 3.6(2.9) Shields


You had 4 spell levels left.
You didn't know any spells.

Dungeon Overview and Level Annotations

Branches:
Dungeon (4/15)
 Temple: D:4-7

Altars:
Elyvilon
Yredelemnul

Annotations:
D:4 Kloppie's ghost, average FoFi


Innate Abilities, Weirdness & Mutations

You are under a permanent stasis effect.
You can dig through walls and to a lower floor.
Your four strong arms can wield two-handed weapons with a shield.
You have a pair of large antennae on your head (SInv).


Message History

Kloppie's ghost is heavily damaged.
You block Kloppie's ghost's attack.
You slash Kloppie's ghost!
Kloppie's ghost is severely damaged.
You block Kloppie's ghost's attack.
You hit Kloppie's ghost but do no damage.
Kloppie's ghost is severely damaged.
You block Kloppie's ghost's attack.
You slash Kloppie's ghost!
Kloppie's ghost is severely damaged.
Kloppie's ghost hits you. Kloppie's ghost hits you!
* * * LOW HITPOINT WARNING * * *
You hit Kloppie's ghost.
Kloppie's ghost is almost destroyed.
Kloppie's ghost hits you!
* * * LOW HITPOINT WARNING * * *
You hit Kloppie's ghost.
Kloppie's ghost is almost destroyed.
Kloppie's ghost hits you!
You die...

[ #. #. ### #.# #..
#.# #.# #.# #.#
######.###.#####
#..............#
#.###...##@#.......
#..)..#W# ..##.
##...##.# ##
##.###.. #.# ###
#.# ##'## ##...##
##.....##


You could see Kloppie's ghost.

Vanquished Creatures
  Ijyb (D:1)
  Terence (D:2)
  5 adders
  A giant mite (D:1)
  2 worms (D:3)
  5 orcs (D:3)
  2 gnoll zombies (D:2)
  6 goblins
  4 hobgoblins
  4 kobolds
  2 quokkas
  3 bats
  2 giant geckos
  A giant newt (D:1)
  7 rats
46 creatures vanquished.

Notes
Turn   | Place    | Note
--------------------------------------------------------------
     0 | D:1      | Kloppie, the Formicid Fighter, began the quest for the Orb.
     0 | D:1      | Reached XP level 1. HP: 18/18 MP: 1/1
   110 | D:1      | Reached XP level 2. HP: 15/25 MP: 3/3
   800 | D:2      | Noticed Ijyb
   803 | D:2      | Noticed Terence
   836 | D:1      | Killed Ijyb
   836 | D:1      | Reached skill level 4 in Fighting
   836 | D:1      | Reached XP level 3. HP: 22/30 MP: 4/4
   923 | D:2      | Killed Terence
   923 | D:2      | Reached XP level 4. HP: 28/37 MP: 5/5
  1049 | D:2      | Found a white marble altar of Elyvilon.
  1303 | D:2      | Found a basalt altar of Yredelemnul.
  1399 | D:3      | Reached XP level 5. HP: 35/43 MP: 7/7
  1763 | D:3      | Reached skill level 5 in Fighting
  2069 | D:4      | Noticed Kloppie's ghost (average FoFi)
  2082 | D:4      | Slain by Kloppie's ghost

Action                   |  1- 3 |  4- 6 || total
-------------------------+-------+-------++-------
Melee: War axe           |    81 |       ||    81
       Hand axe          |       |   110 ||   110
  Eat: Chunk             |       |     4 ||     4
